Cogmind - Beta 13 @@@ ROGUE MODE // 2024.07.28 @ 14:25:13 Player: weedlord420 Result: Self-destructed Performance ------------- Evolutions (2) 1000 Regions Visited (7) 1400 Robots Destroyed (88) 440 Value Destroyed (2041) 2041 Prototype IDs (29) 580 Alien Tech Used (0) 0 Bonus (469) 469 TOTAL SCORE: 5930 Bonus ------- High Alert Combat Kills 11 Follower Combat Kills 184 Aligned with FarCom 300 Friendly Fire -26 Cogmind --------- Core Integrity 395/550 Matter 109/300 Energy 150/150 System Corruption 1% Temperature Cool (0) Movement Core (550) Ox10 Location -8/Materials Parts ------- > --- POWER (1) -------- Light Angular Momentum Engine > --- PROPULSION (3) --- (None) > --- UTILITY (5) ------ Large Storage Unit > --- WEAPON (2) ------- Katana > --- INVENTORY (15) --- Light Nuclear Core Light Treads Improved Flight Unit Improved Flight Unit Improved Flight Unit Improved Flight Unit Advanced Heat Sink Small Storage Unit Advanced Weight Redist. System PSU Rigger Mini Grenade Launcher Peak State ------------ > --- POWER ------------ Light Angular Momentum Engine > --- PROPULSION ------- Light Treads Improved Treads > --- UTILITY ---------- Improved Heat Sink Large Storage Unit Hardened Medium Armor Plating Hacking Suite System Shield > --- WEAPON ----------- Improved Assault Rifle Improved Assault Rifle > --- INVENTORY -------- Light Nuclear Core Light Treads Improved Flight Unit Improved Flight Unit Improved Flight Unit Improved Flight Unit Advanced Heat Sink Small Storage Unit Advanced Weight Redist. System PSU Rigger Mini Grenade Launcher Katana [Rating: 30] Favorites ----------- Power Heavy Ion Engine Engine Heavy Ion Engine Propulsion Light Treads Treads Light Treads Flight Unit Improved Flight Unit Utility Large Storage Unit Device Improved Heat Sink Storage Large Storage Unit Processor Targeting Computer Hackware Hacking Suite Protection Medium Armor Plating Weapon Improved Assault Rifle Energy Gun Medium Laser Ballistic Gun Improved Assault Rifle Launcher Mini Grenade Launcher Slashing Weapon Katana Build | -11 -10 -10 -9 -9 -9 -8 -8 ------- Run | Yrd Mat Min Mat Min Exi Min Mat Slots Evolved 4 | . . . 2 . . . 2 Power . | . . . . . . . . Propulsion 1 | . . . . . . . 1 Utility 3 | . . . 2 . . . 1 Weapon . | . . . . . . . . Parts Attached 58 | 6 4 1 26 5 2 9 5 Power 5 | 1 . . 2 . . 2 . Engine 5 | 1 . . 2 . . 2 . Core . | . . . . . . . . Reactor . | . . . . . . . . Propulsion 8 | 2 . 1 5 . . . . Treads 7 | 2 . 1 4 . . . . Leg . | . . . . . . . . Wheel . | . . . . . . . . Hover . | . . . . . . . . Flight 1 | . . . 1 . . . . Utility 18 | 1 4 . 6 2 . 2 3 Device 7 | . 1 . 3 1 . 2 . Storage 3 | 1 2 . . . . . . Processor 1 | . 1 . . . . . . Hackware 2 | . . . . . . . 2 Protection 5 | . . . 3 1 . . 1 Artifact . | . . . . . . . . Weapon 27 | 2 . . 13 3 2 5 2 Energy Gun 4 | 2 . . 2 . . . . Energy Cannon . | . . . . . . . . Ballistic Gun 13 | . . . 6 2 2 2 1 Ballistic Cannon . | . . . . . . . . Launcher 9 | . . . 5 1 . 3 . Special Weapon . | . . . . . . . . Impact Weapon . | . . . . . . . . Slashing Weapon 1 | . . . . . . . 1 Piercing Weapon . | . . . . . . . . Special Melee Weapon . | . . . . . . . . Unidentified Prototypes 2 | . . . 2 . . . . Parts Lost 14 | . . 1 3 1 . 1 8 Power . | . . . . . . . . Propulsion 4 | . . 1 1 . . . 2 Utility 8 | . . . 2 1 . 1 4 Weapon 2 | . . . . . . . 2 Highest Loss Streak 6 | . . 1 1 1 . 1 6 To Critical Strikes . | . . . . . . . . Average Slot Usage (%) 96 | . 96 100 95 96 93 99 84 Engine 11 | . 14 14 11 11 11 10 9 Treads 23 | . 28 28 21 22 22 22 16 Device 17 | . 9 14 18 18 22 26 11 Storage 11 | . 14 14 11 11 11 11 9 Protection 7 | . . . 11 10 11 6 8 Energy Gun 12 | . 28 28 14 3 . . . Ballistic Gun 9 | . . . 5 18 15 18 15 Launcher 1 | . . . 1 . . 3 1 Naked Turns . | . . . . . . . . Heaviest Build 49 | 14 30 30 49 46 44 44 46 Greatest Support 43 | 40 40 40 43 43 43 43 43 Greatest Overweight (x) 1 | . . . 1 1 1 1 1 Average Overweight (x) . | . . . . 1 . . 1 Largest Inventory Capacity 15 | 8 15 15 15 15 15 15 15 Average Capacity 14 | 5 11 15 15 15 15 15 15 Most Carried 15 | 5 7 14 15 15 15 15 15 Average Carried 12 | 3 3 9 14 14 14 14 12 Final Capacity 15 | 8 15 15 15 15 15 15 15 Final Carried 15 | . 6 14 14 15 15 15 11 Class Distribution -------------------- 91% | Mutant 6% | Scavenger-Mutant Dominant Class ---------------- Mutant | -10/Materials Mutant | -10/Mines Mutant | -9/Materials Mutant | -9/Mines Mutant | -9/Exiles Mutant | -8/Mines Hacker-Mutant | -8/Materials Resources | -11 -10 -10 -9 -9 -9 -8 -8 ----------- Run | Yrd Mat Min Mat Min Exi Min Mat Matter Collected 1346 | 229 66 10 320 379 . 286 56 Remotely . | . . . . . . . . Salvage Created 2457 | . 592 10 1061 249 . 323 222 Parts 171 | . 36 2 80 19 . 24 10 Haulers Intercepted 4 | . 1 . 3 . . . . Recyclers Shooed 4 | . 2 . 1 1 . . . Parts Field Recycled . | . . . . . . . . Retrieved Matter . | . . . . . . . . Parts Self-Destructed . | . . . . . . . . Prevented . | . . . . . . . . Kills | -11 -10 -10 -9 -9 -9 -8 -8 ------- Run | Yrd Mat Min Mat Min Exi Min Mat Combat Hostiles Destroyed 69 | . 13 . 24 11 . 17 4 Melee 1 | . . . . . . . 1 Guns 46 | . 13 . 16 8 . 6 3 AOE 22 | . . . 8 3 . 11 . Classes Destroyed 13 | . 7 1 2 2 . 1 . Worker 6 | . 1 . 4 1 . . . Builder 2 | . . . 2 . . . . Tunneler 2 | . . 1 . 1 . . . Hauler 4 | . 1 . 3 . . . . Recycler 2 | . 1 . 1 . . . . Operator 3 | . 1 . 2 . . . . Watcher 1 | . 1 . . . . . . Swarmer 30 | . 3 . 10 6 . 11 . Grunt 29 | . 10 . 8 3 . 5 3 Brawler 2 | . . . . . . 1 1 Sentry 6 | . . . 6 . . . . Demolisher 1 | . . . . 1 . . . Assembled 1 | . . . . 1 . . . Best Kill Streak 8 | . 8 1 6 3 . 4 2 Combat Bots Only 6 | . 6 . 4 3 . 4 2 Max Kills in Single Turn 4 | . 1 1 4 3 . 4 1 Gunslinging 1 | . . . 1 . . . . Exploded 4 | . . . 3 3 . 4 . Melee 1 | . . . . . . . 1 Uniques/NPCs Destroyed . | . . . . . . . . Combat | -11 -10 -10 -9 -9 -9 -8 -8 -------- Run | Yrd Mat Min Mat Min Exi Min Mat Hostile Shots Fired 316 | . 49 5 124 23 . 37 78 Missed 97 | . 16 1 46 5 . 13 16 Damage Taken 2622 | . 369 32 782 194 . 257 988 Core 384 | . 78 . 102 4 . 45 155 Absorbed by Shields 358 | . . . 160 37 . 104 57 Redirected to Shielding 32 | . . . 32 . . . . Regen/Repaired (Parts) 16 | . . . 16 . . . . Core Remaining (%) 76 | 100 . 68 . . . 62 . Volleys Fired 191 | . 42 6 75 17 . 26 25 Largest 2 | . 2 2 2 2 . 2 2 Hottest 125 | . 100 100 125 98 . 53 46 Shots Fired 383 | . 84 12 154 35 . 49 49 Gun 362 | . 84 12 147 34 . 36 49 Cannon . | . . . . . . . . Launcher 21 | . . . 7 1 . 13 . Special . | . . . . . . . . Kinetic 159 | . . . 48 26 . 36 49 Thermal 203 | . 84 12 99 8 . . . Explosive 21 | . . . 7 1 . 13 . Electromagnetic . | . . . . . . . . Robot Hit Streak 19 | . 6 2 15 6 . 11 19 Robot Miss Streak 6 | . 3 2 6 3 . 3 1 Penetration Max . | . . . . . . . . Secondary Targets 11 | . 3 . 4 2 . 2 . Max Gunslinging Chain 1 | . 1 . 1 1 . 1 . Shots Hit Robots 237 | . 54 3 91 19 . 26 44 Core Hits 140 | . 32 6 49 13 . 28 12 Critical Kills . | . . . . . . . . Critical Parts Destroyed . | . . . . . . . . Critical Strikes 16 | . 9 . 6 1 . . . Burn 16 | . 9 . 6 1 . . . Melee Attacks 2 | . . . . . . . 2 Impact . | . . . . . . . . Slashing 2 | . . . . . . . 2 Piercing . | . . . . . . . . Sneak Attacks . | . . . . . . . . Combat Hostiles . | . . . . . . . . Follow-up Attacks . | . . . . . . . . Damage Inflicted 5235 | . 729 119 2122 492 . 1192 581 Guns 3652 | . 729 77 1586 366 . 337 557 Cannons 11 | . . . 11 . . . . Explosions 1492 | . . . 518 126 . 848 . Melee 24 | . . . . . . . 24 Ramming 56 | . . 42 7 . . 7 . Kinetic 1588 | . . . 475 219 . 337 557 Thermal 2100 | . 729 77 1111 147 . 36 . Explosive 1456 | . . . 518 126 . 812 . Electromagnetic . | . . . . . . . . Impact 11 | . . . 11 . . . . Slashing 24 | . . . . . . . 24 Piercing . | . . . . . . . . Highest Corruption 4 | . . . 4 4 4 4 1 Average Corruption 3 | . . . 4 4 4 4 1 Corruption Purged . | . . . . . . . . Corruption Blocked . | . . . . . . . . Effects 115 | . . . 43 33 9 28 2 Message Errors 18 | . . . 1 8 4 5 . Matter Fused 24 | . . . 13 7 2 2 . Heat Flow Errors 16 | . . . 7 5 . 4 . Energy Discharges 16 | . . . 6 5 1 4 . Parts Rejected 2 | . . . 1 . . 1 . Parts Fused 3 | . . . 2 1 . . . Data Loss (minor) 14 | . . . 5 2 2 5 . Data Loss (major) 7 | . . . 2 3 . 2 . Misfires 7 | . . . 4 1 . 2 . Alerts 5 | . . . 2 1 . 1 1 Weapon Failures 3 | . . . . . . 2 1 Overload Shots . | . . . . . . . . Overflow Damage 14 | . . . . 14 . . . Projectiles . | . . . . . . . . Explosions 14 | . . . . 14 . . . Melee . | . . . . . . . . Knockbacks . | . . . . . . . . Impact . | . . . . . . . . Kinetic . | . . . . . . . . Secondary . | . . . . . . . . Self-Inflicted Damage 70 | . . . . . . 70 . Shots 3 | . . . . . . 3 . Rammed 14 | . 1 8 4 . . 1 . Targets Rammed 15 | . 1 8 5 . . 1 . Kicked . | . . . . . . . . Crushed 1 | . . . 1 . . . . Highest Temperature 274 | . 274 18 244 255 . 201 . Average Temperature 74 | . 87 7 52 117 . 113 . Received Heat Transfer 820 | . 204 . 256 57 . 72 231 Siege Activations . | . . . . . . . . Robots Corrupted . | . . . . . . . . Combat Hostiles . | . . . . . . . . Parts Fried . | . . . . . . . . Impact Corruptions . | . . . . . . . . Robots Melted 1 | . . . 1 . . . . Combat Hostiles . | . . . . . . . . Parts Melted 11 | . 7 . 4 . . . . Heat Transferred 6155 | . 2812 222 2738 333 . 50 . Parts Sabotaged . | . . . . . . . . Parts Stolen . | . . . . . . . . Parts Stripped . | . . . . . . . . Power Chain Reactions . | . . . . . . . . Alert | -11 -10 -10 -9 -9 -9 -8 -8 ------- Run | Yrd Mat Min Mat Min Exi Min Mat Peak Influence 447 | . 245 102 447 226 . 331 119 Initial 131 | . . 70 . 131 . . 119 Average 129 | . 94 49 215 97 . 149 59 Maximum Alert Level 2 | . 1 . 2 1 . 1 . Low Security (%) 74 | 100 83 100 48 85 . 64 100 Level 1 22 | . 16 . 42 14 . 35 . Level 2 2 | . . . 9 . . . . Level 3 . | . . . . . . . . Level 4 . | . . . . . . . . Level 5 . | . . . . . . . . High Security . | . . . . . . . . Max Security . | . . . . . . . . Squads Dispatched 7 | . 2 1 2 . . . 2 Investigation 3 | . 1 1 . . . . 1 Extermination . | . . . . . . . . Reinforcement 3 | . 1 . 2 . . . . Assault . | . . . . . . . . Garrison 1 | . . . . . . . 1 Intercept . | . . . . . . . . Searches Triggered . | . . . . . . . . Construction Impeded . | . . . . . . . . Haulers Reinforced . | . . . . . . . . Active Scanning Responses . | . . . . . . . . Cargo Convoy Interrupts . | . . . . . . . . Stealth | -11 -10 -10 -9 -9 -9 -8 -8 --------- Run | Yrd Mat Min Mat Min Exi Min Mat Distress Signals 3 | . 2 . 1 . . . . Communications Jammed . | . . . . . . . . Distress Signals . | . . . . . . . . Times Spotted 106 | . 19 6 46 13 . 14 8 Peak Tracking Total 6 | . 4 3 6 3 . 4 5 Tactical Retreats 2 | . . . 1 1 . . . Traps | -11 -10 -10 -9 -9 -9 -8 -8 ------- Run | Yrd Mat Min Mat Min Exi Min Mat Traps Triggered 3 | . 1 . 2 . . . . Indirectly . | . . . . . . . . Trap Hack Attempts . | . . . . . . . . Triggered . | . . . . . . . . Disarmed . | . . . . . . . . Reprogrammed . | . . . . . . . . Reused . | . . . . . . . . Traps Extracted . | . . . . . . . . Installed . | . . . . . . . . Triggered . | . . . . . . . . Machines | -11 -10 -10 -9 -9 -9 -8 -8 ---------- Run | Yrd Mat Min Mat Min Exi Min Mat Machines Disabled 10 | . . . 1 3 . 6 . Max in Single Turn 3 | . . . 1 3 . 2 . Machines Repaired . | . . . . . . . . Machines Dismantled . | . . . . . . . . Machines Sabotaged . | . . . . . . . . Overloaded Fab Kills . | . . . . . . . . Hacking | -11 -10 -10 -9 -9 -9 -8 -8 --------- Run | Yrd Mat Min Mat Min Exi Min Mat Machines Accessed 18 | . 6 1 8 . 1 . 2 Terminals 15 | . 6 . 7 . . . 2 Fabricators . | . . . . . . . . Repair Stations 1 | . . . 1 . . . . Recycling Units . | . . . . . . . . Scanalyzers . | . . . . . . . . Garrison Access . | . . . . . . . . Total Hacks 50 | . 18 1 21 . 1 . 9 Successful 22 | . 7 1 9 . 1 . 4 Failed 28 | . 11 . 12 . . . 5 Catastrophic 6 | . 1 . 5 . . . . Database Lockouts . | . . . . . . . . Manual 22 | . 7 . 7 . 1 . 7 Terminals 45 | . 18 . 18 . . . 9 Fabricators . | . . . . . . . . Repair Stations 3 | . . . 3 . . . . Recycling Units . | . . . . . . . . Scanalyzers . | . . . . . . . . Garrison Access . | . . . . . . . . Terminal Hacks 17 | . 7 1 7 . 1 . 1 Robot Analysis 1 | . . . 1 . . . . Prototype ID Bank 3 | . 2 . 1 . . . . Open Door 1 | . . 1 . . . . . Branch Access Points 1 | . 1 . . . . . . Emergency Access Points 2 | . 1 . 1 . . . . Terminal Index 1 | . 1 . . . . . . Unreport Threat 4 | . 1 . 2 . . . 1 Locate Traps 2 | . 1 . 1 . . . . Zone Layout 1 | . . . 1 . . . . Derelict Proto ID Bank 1 | . . . . . 1 . . Fabricator Hacks . | . . . . . . . . Repair Station Hacks 2 | . . . 2 . . . . Scan Component 1 | . . . 1 . . . . Repair 1 | . . . 1 . . . . Recycling Unit Hacks . | . . . . . . . . Scanalyzer . | . . . . . . . . Garrison Access Hacks . | . . . . . . . . Unauthorized Hacks 3 | . . . . . . . 3 Terminals 3 | . . . . . . . 3 Assimilate 2 | . . . . . . . 2 Operators 1 | . . . . . . . 1 Fabricators . | . . . . . . . . Repair Stations . | . . . . . . . . Recycling Units . | . . . . . . . . Scanalyzers . | . . . . . . . . Garrison Access . | . . . . . . . . Data Cores Recovered 1 | . . . 1 . . . . Used . | . . . . . . . . Hacking Detections 14 | . 6 . 6 . . . 2 Full Trace Events 2 | . 1 . . . . . 1 Feedback Events 1 | . . . . . . . 1 Corruption 1 | . . . . . . . 1 Feedback Blocked . | . . . . . . . . Robot Schematics Acquired . | . . . . . . . . Robots Built . | . . . . . . . . Authchips . | . . . . . . . . Time . | . . . . . . . . Total Robot Build Rating . | . . . . . . . . Part Schematics Acquired . | . . . . . . . . Parts Built . | . . . . . . . . Authchips . | . . . . . . . . Time . | . . . . . . . . Total Part Build Rating . | . . . . . . . . Parts Repaired 1 | . . . 1 . . . . Time 38 | . . . 38 . . . . Parts Recycled . | . . . . . . . . Recycled Matter . | . . . . . . . . Retrieved Matter . | . . . . . . . . Retrieved Components . | . . . . . . . . Parts Scanalyzed . | . . . . . . . . Part Schematics Acquired . | . . . . . . . . Parts Damaged . | . . . . . . . . Bothacking | -11 -10 -10 -9 -9 -9 -8 -8 ------------ Run | Yrd Mat Min Mat Min Exi Min Mat Used RIF Installer . | . . . . . . . . Robots Hacked . | . . . . . . . . Non-combat . | . . . . . . . . Combat . | . . . . . . . . Robot Hacks Applied . | . . . . . . . . Relay Couplers Released . | . . . . . . . . Fabnet Peak Effective % . | . . . . . . . . Robots Rewired . | . . . . . . . . Allies Hacked . | . . . . . . . . Hacks Repelled . | . . . . . . . . Allies | -11 -10 -10 -9 -9 -9 -8 -8 -------- Run | Yrd Mat Min Mat Min Exi Min Mat Total Allies 5 | . . 4 . 1 . . . Largest Group 3 | . . 3 3 1 1 . . Highest-Rated Group 55 | . . 55 55 31 31 . . Highest-Rated Ally 31 | . . 31 31 31 31 . . Total Orders . | . . . . . . . . Ally Attacks 40 | . . 20 20 . . . . Total Damage 394 | . . 171 223 . . . . Kills 13 | . . 6 7 . . . . Allies Corrupted . | . . . . . . . . Allies Melted . | . . . . . . . . Intel | -11 -10 -10 -9 -9 -9 -8 -8 ------- Run | Yrd Mat Min Mat Min Exi Min Mat Robot Analysis Total 1 | . . . 1 . . . . Derelict Logs Recovered 3 | . . 1 . 2 . . . Drone Launches . | . . . . . . . . Drone Recoveries . | . . . . . . . . Exploration | -11 -10 -10 -9 -9 -9 -8 -8 ------------- Run | Yrd Mat Min Mat Min Exi Min Mat Turns Passed 8075 | 32 781 1320 2223 1731 478 1188 322 Spaces Moved 3737 | 37 393 790 930 681 226 588 92 Core 35 | 35 . . . . . . . Treads 3702 | 2 393 790 930 681 226 588 92 Legs . | . . . . . . . . Wheels . | . . . . . . . . Hover . | . . . . . . . . Flight . | . . . . . . . . Fastest Speed 50 | 50 160 160 160 240 160 160 240 Average Speed 190 | 55 160 160 195 240 209 183 240 Slowest Speed 240 | 160 160 160 240 240 240 240 240 Overloaded Moves . | . . . . . . . . Propulsion Burnouts . | . . . . . . . . Robots Hopped . | . . . . . . . . Cave-ins Triggered . | . . . . . . . . Exploration Rate (%) 65 | 2 67 98 90 98 61 100 10 Regions Visited 7 Branch Regions 4 Pre-discovered Areas 1 | . . . . 1 . . . Known Exits Taken 2 | . 1 . . . . 1 . Unknown Exits Taken 5 | 1 . 1 1 1 1 . . Scrap Searched 5 | . . 3 . 1 . 1 . Spaces Dug 8 | . . . 8 . . . . Terrain Destroyed 175 | . . . 70 5 . 100 . Melee . | . . . . . . . . Projectile . | . . . . . . . . AOE 175 | . . . 70 5 . 100 . Terrain Rammed . | . . . . . . . . Walls Destroyed . | . . . . . . . . Machines Disabled . | . . . . . . . . Actions | -11 -10 -10 -9 -9 -9 -8 -8 --------- Run | Yrd Mat Min Mat Min Exi Min Mat Total 4286 | 48 460 829 1192 744 231 643 139 Wait 207 | . 9 16 116 37 . 15 14 Move 3730 | 36 392 789 929 680 225 587 92 Hop . | . . . . . . . . Pick Up 52 | 6 10 9 20 4 1 2 . Fast Attach 7 | . . . 3 . 2 2 . Attach 21 | 6 1 1 7 3 . . 3 Detach . | . . . . . . . . Swap 30 | . 3 . 16 2 . 7 2 Drop 31 | . 2 . 21 1 3 3 1 Fire 191 | . 42 6 75 17 . 26 25 Melee 2 | . . . . . . . 2 Ram . | . . . . . . . . Kick . | . . . . . . . . Crush 15 | . 1 8 5 . . 1 . Escape Stasis . | . . . . . . . . Rewire . | . . . . . . . . Trap . | . . . . . . . . Miscellaneous . | . . . . . . . . Route ------- -11/Scrapyard -10/Materials (discovered 4 exits: *Mat x2 / *Min x2) -10/Mines (discovered 2 exits: *Mat x2) -9/Materials (discovered 5 exits: *Mat x3 / [*Min] / *Sto) -9/Mines (discovered 3 exits: *Mat x2 / *Exi) -9/Exiles -8/Mines (discovered 2 exits: *Mat x2) -8/Materials History --------- Turn | Location | Event 12 | -11/Scrapyard | Discovered new exit (range 16) 33 | -11/Scrapyard | Entered Materials 311 | -10/Materials | Build established: Mutant 366 | -10/Materials | Discovered new exit (range 11) 553 | -10/Materials | Identified exit to Mines 578 | -10/Materials | Discovered new exit (range 9) 814 | -10/Materials | Entered Mines 924 | -10/Mines | Learned 4 Materials zone layouts 1180 | -10/Mines | Discovered new exit (range 6) 1417 | -10/Mines | Assisted by bots powering up and referring to "LRC-V3" 1502 | -10/Mines | Escorted by a lone wolf Derelict 1708 | -10/Mines | Discovered new exit (range 12) 1741 | -10/Mines | Met a Derelict shopkeep closing up shop 2134 | -10/Mines | Entered Materials 2134 | -9/Materials | Accompanied by 3 allies 2134 | -9/Materials | Evolved 2 slots: Utility x2 2135 | -9/Materials | Identified exit to Storage 2135 | -9/Materials | Identified exit to Materials 2439 | -9/Materials | Discovered new exit (range 16) 2787 | -9/Materials | Repaired Imp. Heat Sink 3219 | -9/Materials | Discovered exit to Materials (range 15) 3899 | -9/Materials | Discovered exit to Materials (range 7) 4357 | -9/Materials | Entered Mines 4358 | -9/Mines | Assembled infested the area 4596 | -9/Mines | Learned location of Zion (-6) 4856 | -9/Mines | Joined a pair of Derelicts in attacking an 0b10 outpost 5320 | -9/Mines | Deemed a non-threat by the Exiles lab entrance 5320 | -9/Mines | Discovered new exit (range 5) 5342 | -9/Mines | Discovered exit to Materials (range 9) 5597 | -9/Mines | Discovered exit to Materials (range 15) 5877 | -9/Mines | Learned 2 Materials zone layouts 5906 | -9/Mines | Received a Mining Laser from a helpful Derelict 6088 | -9/Mines | Entered Exiles 6088 | -9/Exiles | Accompanied by 1 ally 6151 | -9/Exiles | Met 8R-AWN 6187 | -9/Exiles | Met EX-HEX 6266 | -9/Exiles | Met EX-BIN 6286 | -9/Exiles | Aligned with FarCom system 6288 | -9/Exiles | Given EX-Vault access code 6325 | -9/Exiles | Opened EX-Vault 6344 | -9/Exiles | Found PSU Rigger 6377 | -9/Exiles | Warned to stay clear of 0b10 Research branches 6444 | -9/Exiles | Met EX-DEC 6525 | -9/Exiles | Discovered new exit (range 14) 6566 | -9/Exiles | Left Exiles lab with PSU Rigger 6566 | -9/Exiles | Entered Mines 7140 | -8/Mines | Discovered exit to Materials (range 11) 7441 | -8/Mines | Discovered exit to Materials (range 12) 7543 | -8/Mines | Build established: Scavenger-Mutant 7754 | -8/Mines | Entered Materials 7754 | -8/Materials | Evolved 2 slots: Propulsion x1, Utility x1 8028 | -8/Materials | Garrison activated, responded to threat 8076 | -8/Materials | Self-destructed Last Messages --------------- 08035_ U-05 Engineer builds a Wall. 08038_ Slug penetrates Wall. 08039_ U-05 Engineer builds a Wall. 08044_ Slug penetrates Wall. 08047_ Penetrated by Slug. 08050_ T-07 Excavator destroyed. 08053_ Penetrated by Slug. 08055_ System corrupted: Imp. Assault Rifle jammed. 08062_ Penetrated by Slug. 08064_ Hrd. Medium Armor Plating severed. 08067_ Slug penetrates L-31 Rogue. 08067_ Imp. Assault Rifle destroyed. 08070_ Imp. Heat Sink destroyed. 08071_ Lgt. Treads destroyed. 08072_ R-06 Scavenger collects Wheel. 08073_ Penetrated by Slug. 08073_ System Shield destroyed. 08073_ B-36 Bruiser destroyed. 08074_ Hacking Suite destroyed. Map ----- +----------------------------------------------------+ | ?????????????????????????????????? | | ?????????????????????????????????? | | ?????????????????????????????????? | | ?????????????????????????????????? | | ?????????????????????????????????? | | ##################??# ????????? | | # #???????# ????????? | | # """ #???????# ????????? | | # """"" #???????# ????????? | | # """"" #???????# ????????? | | # """"" #???????# ????????? | | # """ #???????# ????????? | | # #???????#####????????? | | ######+######?????#######????????? | | ????# ########? ?# ????????? | | ????# ## ## ### ????????? | | ????# ## # ????????? | | ????# ## + ????????? | | ????# ## # ????????? | | ????# ## # ????????? | | ????# ## #####????????? | | ????# ## ! ????????? | | ????# ## *% ???????? | | ???## ##/= | g ???????? | | ???# #%* ???????? | | ???# @l r ???????? | | ???# h ???????? | | ???# ##### #####????????? | | ???# ######???# #????????????? | | ???### #######????# #????????????? | | ?????# # #???????????????????? | | ?????# # """ #???????????????????? | | ?????# + """ #???????????????????? | | ?????# # """ #???????????????????? | | ?????# # #???????????????????? | | ?????# # "T" #???????????????????? | | ?????# # """ #???????????????????? | | ?????# #######???????????????????? | | ?????# #?????????????????????????? | | ?????# #?????????????????????????? | | ?????# #???########## #??????????? | | ?????# #???# +??????????? | | ?????# #???# ##### #??????????? | | ?????# ##### #????????????????? | | ?????# ##+#####????????????? | | ?????# # #????????????? | | ?????# # """ #????????????? | | ?????# + """ #????????????? | | ?????# o%# """ #????????????? | | ??####+##+## #[ """ #????????????? | +----------------------------------------------------+ Best States ------------- Heat Dissipation 61 Energy Generation 18 Energy Capacity 280 Matter Stores 300 Matter Capacity 300 Sight Range 16 Terrain Scan Density 10 Armor Coverage 225 Propulsion Shielding 33 Evasion (%) 50 Targeting Accuracy 5 Recoil Reduction 2 Offensive Hacking 10 Defensive Hacking 10 Item Schematics ----------------- None Robot Schematics ------------------ None Fabricated ------------ Nothing Alien Tech Used ----------------- None Achievements -------------- None Challenges ------------ None Game ------ Seed FlakPulseRigger Manual? 0 Play Time 00:36:48 Cumulative 46.3 hours Start 2024.07.28 @ 13:46:40 End 2024.07.28 @ 14:25:13 Sessions 1 Manual Loads 0 Difficulty Rogue Special Mode None Game No. 91 Rogue 90 Adventurer 1 Explorer 0 Win Type - Total 0 Types 0/0/0/0/0/0/0/0/0 Lore% 20 Gallery% 40 Achievement% 33 Wizard Run 0 Options --------- Layout 2 ASCII 0 Keyboard 0 Movement Mouse Keybinds 0 Fullscreen 1 Font 48/Smallcaps Map View 50x44 Zoom Use 0% Tactical HUD 1 Map Filters NONE Filters NONE Steam 1 RUN: d7ef8357-fc72-4867-aa4f-df6e694734df